 Dungeon Crawl Stone Soup version 0.26.1-2-gb8aa6d0cf2 (webtiles) character file.

Game seed: 13077153903447461720

12849 Phaedo the Basher (level 11, -1/124 HPs)
             Began as a Demigod Delver on Mar 26, 2021.
             Slain by a vampire
             ... wielding a +0 short sword
              (2 damage)
             ... on level 11 of the Dungeon.
             The game lasted 00:54:34 (20716 turns).

Phaedo the Basher (Demigod Delver)                 Turns: 20716, Time: 00:54:34

Health: -1/124     AC:  7    Str: 21    XL:     11   Next: 41%
Magic:  4/18       EV: 16    Int: 20    God:
Gold:   570        SH:  0    Dex: 17    Spells: 3/15 levels left

rFire    . . .     SeeInvis .   S - +1 flail (drain)
rCold    + . .     Faith    .   (no shield)
rNeg     . . .     Spirit   .   b - +0 leather armour
rPois    .         Reflect  .   J - +0 hat
rElec    .         Harm     .   u - +1 cloak
rCorr    .         Rampage  .   I - +0 pair of gloves
Will     +....                  t - +0 pair of boots
Stlth    ..........             (no amulet)
HPRegen  0.30/turn              m - ring of protection from cold
MPRegen  0.16/turn              l - +6 ring of strength

@: berserking, very quick
A: high mp 1
a: no special abilities


You were on level 11 of the Dungeon.
You visited 1 branch of the dungeon, and saw 11 of its levels.

You collected 648 gold pieces.
You spent 78 gold pieces at shops.

Inventory:

Hand Weapons
 a - a +0 mace
 h - a +1 flail
 y - a +2 vorpal mace
 F - a +0 great mace
 G - a +0 morningstar
 S - a +1 flail of draining (weapon)
Missiles
 f - 429 stones
 n - 387 arrows
 r - 15 boomerangs (quivered)
 w - 5 javelins
 x - 26 poisoned darts
Armour
 b - a +0 leather armour (worn)
 t - a +0 pair of boots (worn)
 u - a +1 cloak (worn)
 I - a +0 pair of gloves (worn)
 J - a +0 hat (worn)
Jewellery
 i - an uncursed ring of flight
 l - a +6 ring of strength (right hand)
 m - a ring of protection from cold (left hand)
 Q - an uncursed ring of stealth
 U - the ring of Iqil {rN+ SInv}
   (You found it on level 9 of the Dungeon)

   [ring of see invisible]

   It protects you from negative energy.
   It lets you see invisible.
 W - a +6 ring of dexterity
Wands
 g - a wand of digging (8)
 E - a wand of flame (29)
 K - a wand of random effects (17)
 L - a wand of paralysis (17)
 P - a wand of polymorph (5)
Scrolls
 c - 5 scrolls of fog
 d - 3 scrolls of magic mapping
 e - 3 scrolls of fear
 q - 9 scrolls of teleportation
 s - a scroll of enchant armour {unknown}
 A - 5 scrolls of immolation
 B - 6 scrolls of remove curse
 C - 6 scrolls of enchant weapon
 M - a scroll of vulnerability {unknown}
 N - 2 scrolls of noise {unknown}
 O - a scroll of acquirement {unknown}
 R - a scroll of blinking {unknown}
 V - 3 scrolls of identify
Potions
 j - 4 potions of curing
 k - 2 potions of mutation
 o - a potion of resistance
 p - 2 potions of lignification
 v - a potion of berserk rage
 z - a potion of cancellation {unknown}
 D - 5 potions of heal wounds
 H - a potion of brilliance {unknown}
 T - 3 potions of ambrosia {unknown}


   Skills:
 + Level 3.9 Fighting
 * Level 10.1 Maces & Flails
 + Level 7.1 Dodging
 - Level 7.3 Stealth
 + Level 2.5 Spellcasting
 * Level 8.7 Air Magic
 + Level 5.7 Poison Magic


You had 3 spell levels left.
You knew the following spells:

 Your Spells              Type           Power        Failure   Level
a - Swiftness             Air            37%          1%          2
b - Poisonous Vapours     Pois/Air       62%          1%          2
c - Airstrike             Air            18%          4%          4
d - Olgreb's Toxic Radia  Pois           25%          16%         4

Your spell library contained the following spells:

 Spells                   Type           Power        Failure   Level
 Shock                    Conj/Air       76%          3%          1
 Sting                    Tmut/Pois      56%          5%          1
 Mephitic Cloud           Conj/Pois/Air  21%          7%          3
 Static Discharge         Conj/Air       19%          9%          3
 Magic Dart               Conj           8%           17%         1
 Ignite Poison            Fire/Tmut/Pois 10%          24%         3
 Blink                    Tloc           N/A          26%         2
 Call Imp                 Summ           2%           26%         2
 Slow                     Hex            2%           26%         2
 Call Canine Familiar     Summ           2%           45%         3
 Conjure Flame            Conj/Fire      2%           45%         3
 Lightning Bolt           Conj/Air       9%           63%         5
 Hailstorm                Conj/Ice       2%           86%         4
 Conjure Ball Lightning   Conj/Air       9%           99%         6


Dungeon Overview and Level Annotations

Branches:
Dungeon (11/15)            Temple (0/1) D:7            Lair (0/6) D:8
    Orc (0/2) D:11

Shops:
D:7 *(*=   D:8 (   D:9 :   D:10 :

Annotations:
D:6 2 transporters, lasso's ghost, novice OpSu
D:8 2 transporters


Innate Abilities, Weirdness & Mutations

You have an increased reservoir of magic. (+10% MP)


Message History

You hit something but do no damage.
Unholy energy fills the air.
You sock something! Something hits you! Something bites you!
Something draws strength from your injuries!
You closely miss something. Something hits you!
* * * LOW HITPOINT WARNING * * *
Something bites you but does no damage.
A red film seems to cover your vision as you go berserk!
You feel yourself moving faster!
You feel mighty!
Unholy energy fills the air.
* * * LOW HITPOINT WARNING * * *
You closely miss something. You barely miss something.
Something barely misses you. Something bites you but does no damage.
You hit something. You closely miss something. Something hits you!
* * * LOW HITPOINT WARNING * * *
Something bites you!
* * * LOW HITPOINT WARNING * * *
Something draws strength from your injuries!
You miss something. Something hits you.
You die...

..)...###..#####((##.......##.)†.
....V.##...........##.....###....
..........⌠).<..⌠...+.....# #†).)
......##..)).......##.....# #.)).
......###..#####..##......# #.)))
......# ##.# #.##.......# #####
......# ##[# ##.#........# ##
......# #..# #.{........<# #.
......# #..# #.@.........##..##.
......# #.## #...........##..##.
......# #.# #...........##..##.
..>...###.# #...........##..##.
..........#####..<........##..##.
..........[.).......>.....##..##.
..........[.....<.............##.
.....)....####...................
..........# #............##.....


There were no monsters in sight!

Vanquished Creatures
  A hydra (D:10)
  A two-headed ogre (D:8)
  2 cyclopes (D:9)
  2 gargoyles (D:10)
  A freezing wraith (D:9)
  A hornet (D:9)
  Prince Ribbit (D:7)
  3 wraiths
  A shadow (D:9)
  2 wyverns
  16 yaks
  A hornet zombie (D:11)
  2 sky beasts
  3 ice beasts
  A black bear (D:8)
  3 necrophages
  4 orc warriors
  2 phantoms
  5 ogres
  10 centaurs
  A big kobold (D:10)
  4 bullfrogs
  2 wyvern skeletons
  2 scorpions
  A water moccasin skeleton (D:5)
  17 killer bees
  8 wights
  An electric eel (D:8)
  3 howler monkeys (D:10)
  6 jellies
  3 centaur zombies
  2 bullfrog zombies
  5 hounds
  5 orc priests
  A gnoll shaman (D:7)
  A bullfrog skeleton (D:6)
  Jessica (D:2)
  2 iguanas
  9 orc wizards
  6 worker ants
  A hound zombie (D:9)
  2 worker ant zombies
  12 gnolls
  12 adders
  2 shadow imps
  2 white imps
  2 ufetubi
  An ooze (D:4)
  An adder skeleton (D:6)
  2 worms
  2 dart slugs
  5 leopard geckos
  42 orcs
  7 giant cockroaches
  4 goblins
  3 hobgoblins
  2 jackals (D:10)
  4 quokkas
  2 ball pythons (D:3)
  14 bats
  5 frilled lizards
  A giant cockroach zombie (D:5)
  14 kobolds
  A quokka zombie (D:9)
  5 rats
290 creatures vanquished.

Vanquished Creatures (others)
  A scorpion (D:8)
  A hound (D:8)
  2 adders (D:8)
  A quokka (D:8)
  2 fungi (D:8)
  5 plants (D:8)
12 creatures vanquished.

Grand Total: 302 creatures vanquished

Notes
Turn   | Place    | Note
-------+----------+-------------------------------------------
     0 | D:5      | Phaedo the Demigod Delver began the quest for the Orb.
     0 | D:5      | Reached XP level 1. HP: 18/18 MP: 3/3
    26 | D:5      | Reached skill level 2 in Maces & Flails
    26 | D:5      | Reached XP level 2. HP: 2/25 MP: 4/4
    26 | D:5      | Reached XP level 3. HP: 2/30 MP: 5/5
   386 | D:5      | Reached skill level 3 in Maces & Flails
   630 | D:4      | Noticed an ogre
   657 | D:4      | Noticed a scorpion
   865 | D:3      | Reached XP level 4. HP: 3/37 MP: 6/6
  1160 | D:3      | Reached skill level 5 in Stealth
  1264 | D:2      | Noticed Jessica
  3166 | D:2      | Killed Jessica
  3167 | D:2      | Reached XP level 5. HP: 30/42 MP: 7/7
  3551 | D:3      | Reached skill level 4 in Maces & Flails
  5316 | D:4      | Killed an ogre
  5317 | D:4      | Reached XP level 6. HP: 41/50 MP: 8/8
  6019 | D:4      | Found a sacrificial altar of Ru.
  6098 | D:4      | Found a hazy altar of Hepliaklqana.
  6216 | D:5      | Got a pair of distressingly furry gloves
  6217 | D:5      | Identified the cursed -6 pair of gloves of Precision
                  | Catastrophes {rF+} (You found it on level 5 of the Dungeon)
  6232 | D:5      | Learned a level 2 spell: Swiftness
  6318 | D:5      | Reached skill level 5 in Maces & Flails
  6644 | D:5      | Reached skill level 1 in Air Magic
  6644 | D:5      | Reached XP level 7. HP: 56/56 MP: 10/10
  6950 | D:5      | Learned a level 2 spell: Poisonous Vapours
  7066 | D:5      | Reached skill level 1 in Spellcasting
  7082 | D:5      | Found a burning altar of Makhleb.
  7720 | D:5      | Reached skill level 1 in Poison Magic
  8583 | D:6      | Reached skill level 6 in Maces & Flails
  8583 | D:6      | Reached XP level 8. HP: 23/62 MP: 6/12
  9093 | D:6      | Found a glowing silver altar of Zin.
  9093 | D:6      | Found a hide-covered altar of Uskayaw.
  9119 | D:6      | Noticed a queen bee
  9149 | D:6      | Found a transporter.
  9149 | D:6      | Found a transporter.
  9437 | D:6      | Found a shadowy altar of Dithmenos.
  9529 | D:6      | Noticed lasso's ghost (novice OpSu)
  9547 | D:6      | Found a broken altar of Ashenzari.
 11057 | D:7      | Learned a level 4 spell: Airstrike
 11099 | D:7      | Found Ekuedec's Jewellery Boutique.
 11135 | D:7      | Found Wees's General Store.
 11140 | D:7      | Bought a scroll of remove curse for 39 gold pieces
 11140 | D:7      | Bought a potion of attraction for 39 gold pieces
 11220 | D:7      | Noticed Prince Ribbit
 11233 | D:7      | Killed Prince Ribbit
 11234 | D:7      | Reached skill level 5 in Dodging
 11444 | D:7      | Reached skill level 7 in Maces & Flails
 11444 | D:7      | Reached XP level 9. HP: 60/68 MP: 7/13
 11495 | D:7      | Found a blossoming altar of Fedhas.
 11866 | D:6      | Reached skill level 5 in Air Magic
 12240 | D:7      | Found Ehoengyo's Antique Weapon Emporium.
 12354 | D:7      | Found a staircase to the Ecumenical Temple.
 12735 | D:7      | Found Wyoll's Assorted Antiques.
 12868 | D:8      | Found a transporter.
 13014 | D:8      | Found a shimmering altar of Xom.
 13088 | D:8      | Found a staircase to the Lair.
 13342 | D:8      | Found a white marble altar of Elyvilon.
 13427 | D:8      | Found a transporter.
 13537 | D:8      | Noticed a two-headed ogre
 13542 | D:8      | Found Icadezat's Antique Weapon Shoppe.
 13559 | D:8      | HP: 3/68 [two-headed ogre/+0 giant club (21)]
 13591 | D:8      | Killed a two-headed ogre
 13592 | D:8      | Reached skill level 8 in Maces & Flails
 14037 | D:8      | Found a radiant altar of Vehumet.
 14605 | D:9      | Identified the Catalogue of Levity
 14633 | D:9      | Paralysed by a hornet for 1 turns
 14636 | D:9      | Reached XP level 10. HP: 59/74 MP: 6/14
 14765 | D:9      | Found an ornate altar of the Wu Jian Council.
 14813 | D:9      | Found Fublop's Book Boutique.
 14854 | D:9      | Noticed a cyclops
 16111 | D:9      | HP: 3/74 [cyclops/large rock (17)]
 16131 | D:9      | Killed a cyclops
 16132 | D:9      | Reached skill level 9 in Maces & Flails
 16480 | D:9      | Got a sparkling golden ring
 16481 | D:9      | Identified the ring of Iqil {rN+ SInv} (You found it on
                  | level 9 of the Dungeon)
 16530 | D:9      | Noticed a cyclops
 16540 | D:9      | Killed a cyclops
 16541 | D:9      | Reached skill level 5 in Poison Magic
 16824 | D:9      | Found a glowing golden altar of the Shining One.
 17030 | D:10     | Entered Level 10 of the Dungeon
 17199 | D:10     | Noticed a five-headed hydra
 18122 | D:10     | Found Cisit's Book Shop.
 18141 | D:10     | Killed a five-headed hydra
 18142 | D:10     | Reached XP level 11. HP: 46/82 MP: 17/17
 19499 | D:10     | Learned a level 4 spell: Olgreb's Toxic Radiance
 19721 | D:11     | Reached skill level 10 in Maces & Flails
 20528 | D:11     | Found a staircase to the Orcish Mines.
 20715 | D:11     | HP: 1/124 [something (10)]
 20716 | D:11     | Slain by a vampire

Illustrated notes

Levels and vault maps discovered:
D:1:      dpeg_arrival_lava_temple_mockup, layout_loops_ring
D:2:      layout_loops_ring, minivault_11, kennysheep_generic_room_2,
          uniq_jessica
D:3:      layout_basic
D:4:      layout_rooms, nicolae_ru_awakened_eye, nzn_hepliaklqana_mist_gate
D:5:      layout_cave_pools, makhleb_blood_cavern_becter, minmay_between
D:6:      layout_rooms, ashenzari_altar_1, kennysheep_mini,
          gammafunk_temple_overflow_elements, gammafunk_ghost_hive,
          kennysheep_nondescript
D:7:      layout_loops_ring, lemuel_crystal_altar, minmay_temple_entry_fiery,
          serial_shops, shop, shop, shop, shop, minivault_4, uniq_prince_ribbit1
D:8:      gammafunk_steamed_eel, layout_basic, xom_confusion_cloud,
          vehumet_crystals, elyvilon_altar_5, dpeg_oklobed_lair, serial_curves,
          eino_curves_02, eino_curves_03, eino_curves_03, eino_curves_03,
          serial_shops, shop
D:9:      cheibrodos_fzero, layout_loops_cross, nicolae_tso_swordbearing_angel,
          marbit_many_paths, serial_shops,
          nicolae_shop_temple_entry_statues_fountains,
          hangedman_decor_diamond_cutter
D:10:     layout_gridville, serial_shops, nicolae_shop_stone
D:11:     layout_long_grid, orc_0_dummy, grunt_ministairs_15, evilmike_butchery

Skill      XL: |  1  2  3  4  5  6  7  8  9 10 11 |
---------------+----------------------------------+-----
Maces & Flails | 2 3 4 5 6 7 8 9 10 | 10.1
Dodging        | 2 3 4 5 6 7 |  7.1
Stealth        | 5 6 7 |  7.3
Air Magic      | 1 3 4 6 8 |  8.7
Spellcasting   | 1 2 |  2.5
Poison Magic   | 1 2 4 5 |  5.7
Fighting       | 3 |  3.9

Action                   |  1- 3 |  4- 6 |  7- 9 | 10-12 || total
-------------------------+-------+-------+-------+-------++-------
Melee: Mace              |    58 |   229 |   181 |       ||   468
       Flail             |       |       |   196 |   285 ||   481
Throw: Stone             |    11 |    25 |     8 |       ||    44
       Dart              |       |    99 |    19 |       ||   118
       Boomerang         |       |       |     1 |     5 ||     6
 Cast: Poisonous Vapours |       |       |   113 |   112 ||   225
       Swiftness         |       |       |     1 |     3 ||     4
       Airstrike         |       |       |       |    40 ||    40
Evoke: Wand              |       |       |       |     2 ||     2
  Use: Potion            |     1 |       |     1 |     7 ||     9
       Scroll            |       |     6 |     3 |     4 ||    13
 Stab: Sleeping          |     1 |    15 |     3 |     3 ||    22
       Distracted        |       |       |     2 |       ||     2
Armor: Leather armour    |    14 |    79 |   116 |    63 ||   272
       Skin              |       |       |       |    30 ||    30
Dodge: Dodged            |    45 |   198 |   378 |   264 ||   885
